AoeStats
← murazar

Nomad

508761903Analyzed
2v2 RM · 8d ago on Sep 23, 2026· 47m 49s· 4 players
Game mode
Random Map
Map size
176×176
Population
200
Speed
Normal
Resources
Standard
Victory
Conquest
Starting age
Dark Age
Ending age
Imperial Age
RankedLock teamsTeams togetherTeam positionsShared explorationLock speedFull tech treeHidden civsTurbo modeCheats
Victory
Defeat
🇧🇷 Hindustanis · Brazil
1048
+16
🇬🇧 Varangians · United Kingdom
1040
+16
🇺🇸 Danes · United States
1045
-16
🇺🇸 Sicilians · United States
1044
-16
Bside
4:59 Loom
15:00 Feudal Age
15:33 Double-Bit Axe
15:39 Fishing Lines
21:23 Castle Age
19:20 Gold Mining
20:18 Bloodlines
20:29 Fletching
22:18 Bow Saw
23:53 Ballistics
23:43 Scale Barding Armor
25:20 Forging
27:52 Horse Collar
29:48 Chain Barding Armor
31:36 Gillnets
33:07 Wheelbarrow
32:38 Heavy Plow
36:08 Imperial Age
34:18 Iron Casting
33:49 Husbandry
36:11 Hand Cart
36:13 Stone Mining
36:32 Elite Jarl
38:53 Plate Barding Armor
40:12 Town Watch
40:53 Siege Engineers
40:45 Cavalier
41:00 Vendel Legacy
42:56 Conscription
Quemero
3:34 Loom
15:17 Feudal Age
18:22 Bloodlines
18:30 Scale Barding Armor
20:23 Man-at-Arms
21:27 Fishing Lines
24:58 Castle Age
24:50 Scale Mail Armor
28:14 Wheelbarrow
31:36 Double-Bit Axe
33:49 Hand Cart
43:08 Horse Collar
44:24 Heavy Plow
44:39 Bow Saw
45:58 Chain Mail Armor
murazar
7:25 Loom
17:08 Feudal Age
18:42 Fishing Lines
21:25 Forging
23:22 Castle Age
21:34 Double-Bit Axe
22:48 Scale Mail Armor
24:36 Bow Saw
25:28 Fletching
27:48 Ballistics
28:09 Iron Casting
27:43 Stone Mining
27:40 Pikeman
38:32 Horse Collar
41:19 Chain Mail Armor
44:05 Imperial Age
46:27 Squires
Keltscheesegrater
13:43 Feudal Age
14:15 Double-Bit Axe
14:14 Fishing Lines
15:07 Loom
20:54 Castle Age
21:26 Wheelbarrow
20:48 Gold Mining
20:45 Horse Collar
21:41 Squires
21:31 Gambesons
21:51 Scale Mail Armor
22:08 Bow Saw
22:35 Gold Shaft Mining
21:59 Stone Mining
23:28 Chain Mail Armor
23:52 Fletching
24:32 Arson
26:58 Forging
27:11 Pikeman
28:31 Iron Casting
29:48 Bodkin Arrow
31:55 Gambesons
38:54 Ballistics
44:11 Masonry
Connection lost

Rejoining the realm…

Still unreachable

The connection could not be restored.

Session expired

The server has moved on; the page needs a fresh start.